[Event "Early-Titled-Tuesday-Blitz-September-12-2023"]
[Site "Chess.com"]
[Date "2023.09.12"]
[Round "11"]
[White "zverr1"]
[Black "DarZay"]
[Result "1-0"]
[WhiteElo "2472"]
[BlackElo "2272"]
[TimeControl "180+1"]
[EndTime "10:05:49 PDT"]
[Termination "zverr1 won by resignation"]

1. e4 c5 2. Nf3 Nc6 3. Bb5 g6 4. Bxc6 dxc6 5. d3 Bg7 6. h3 Nf6 7. Nc3 b6 8. Be3 h6 9. a4 a5 10. Qd2 Be6 11. b3 Nd7 12. Rd1 Qc7 13. d4 cxd4 14.
Bxd4 O-O 15. O-O f5 16. Bxg7 Kxg7 17. Nd4 Nc5 18. exf5 Bxf5 19. Rfe1 e5 20. Nxf5+ Rxf5 21. Qd6 Qxd6 22. Rxd6 Rf6 23. Red1 Rc8 24. f3 Kf7 25. Rxf6+ Kxf6 26. Rd6+ Kf7 27. Ne4 Nxe4 28. fxe4 h5 29. Kf2 g5 30. Rh6 Kg7 31. Re6 Rd8 32. Ke3 Rd1 33.
Rxc6 Rg1 34. Kf2 Rc1 35. Ke3 Rg1 36. Kf2 Rc1 37. g4 h4 38. c4 Rc2+ 39. Kg1 Rc1+ 40.
Kf2 Rc2+ 41. Ke1 Rc1+ 42. Kd2 Rh1 43. Rxb6 Rxh3 44. c5 Rh2+ 45. Kd3 h3 46. c6 Rh1 47. Rb7+ Kg6 48. Rb8 Kg7 49. c7 Rc1 50. c8=Q Rxc8 51.
Rxc8 h2 52. Rc1 1-0

[Event "Early-Titled-Tuesday-Blitz-September-12-2023"]
[Site "Chess.com"]
[Date "2023.09.12"]
[Round "11"]
[White "LevonAronian"]
[Black "amintabatabaei"]
[Result "0-1"]
[WhiteElo "3064"]
[BlackElo "3074"]
[TimeControl "180+1"]
[EndTime "10:05:50 PDT"]
[Termination "amintabatabaei won by resignation"]

1. e4 e5 2. Nf3 Nc6 3. Bc4 Nf6 4.
Ng5 d5 5. exd5 Na5 6. Bb5+ c6 7. dxc6 bxc6 8. Be2 h6 9. Nh3 Bd6 10. d3 O-O 11. O-O c5 12. Nd2 Qc7 13. Kh1 Nc6 14. c3 Rd8 15. Ne4 Be7 16. Qe1 Bf5 17. f3 Bg6 18.
Nxf6+ Bxf6 19. Nf2 Bh4 20. Be3 Ne7 21. g3 Nd5 22. Bd2 Be7 23. Bd1 Rab8 24. Bb3 a5 25. Rb1 Nb6 26. Rd1 a4 27. Bc2 Nc4 28. Bc1 Nxb2 29. Bxb2 Rxb2 30. Bxa4 Qb7 31. Kg2 Bxd3 32. Qxe5 Bxf1+ 33. Rxf1 Rxa2 34. Bd1 Rdd2 35. Kg1 c4 36.
Qe3 Qc7 37. Ne4 Rg2+ 0-1

[Event "Early-Titled-Tuesday-Blitz-September-12-2023"]
[Site "Chess.com"]
[Date "2023.09.12"]
[Round "11"]
[White "kingofthenil"]
[Black "jcibarra"]
[Result "1-0"]
[WhiteElo "2785"]
[BlackElo "2920"]
[TimeControl "180+1"]
[EndTime "10:05:52 PDT"]
[Termination "kingofthenil won on time"]

1. e4 Nc6 2. Nf3 d6 3. d4 Nf6 4.
Nc3 g6 5. d5 Nb8 6. Be3 Bg7 7.
Qd2 c6 8. h3 Nbd7 9. Bh6 Bxh6 10. Qxh6 Qb6 11. O-O-O Qxf2 12. dxc6 bxc6 13. Bc4 Qxg2 14.
Rhf1 Rf8 15. e5 dxe5 16. Ng5 Rb8 17. h4 Rb4 18. Bb3 Ba6 19. Rxf6 exf6 20. Nxh7 Qg4 21.
Rxd7 Kxd7 22. Nxf6+ Ke7 23. Nxg4 Rxg4 24. Nd1 Rg1 25.
Qg7 Rd8 26. Qxf7+ Kd6 27. Qf6+ Kc7 28. c3 Kc8 29. Qxc6+ Kb8 30. Qxa6 Rd6 31. Qxd6+ 1-0

[Event "Early-Titled-Tuesday-Blitz-September-12-2023"]
[Site "Chess.com"]
[Date "2023.09.12"]
[Round "11"]
[White "MarijaKuznecova"]
[Black "Hilary46"]
[Result "0-1"]
[WhiteElo "2414"]
[BlackElo "2562"]
[TimeControl "180+1"]
[EndTime "10:05:52 PDT"]
[Termination "Hilary46 won by checkmate"]

1. e4 e5 2. Nf3 Nc6 3. d4 exd4 4. Nxd4 Nf6 5. Nxc6 bxc6 6. e5 Qe7 7. Qe2 Nd5 8.
c4 Ba6 9. Nd2 Rb8 10. b3 g6 11.
Bb2 Bg7 12. Ne4 O-O 13. Nf6+ Nxf6 14. exf6 Bxf6 15. Qxe7 Bxe7 16. O-O-O d6 17. h4 c5 18. f3 Bb7 19. Bd3 Rbe8 20. g4 Bxf3 21. Rdf1 Bxh1 22. Rxh1 Bd8 23. Kc2 Re6 24. h5 Bf6 25. Bc1 Rfe8 26.
g5 Bd4 27. Bf4 Be3 28. Rf1 Bxf4 29. Rxf4 Re5 30. hxg6 hxg6 31. Rg4 Re1 32. a3 a5 33. Rf4 R8e5 34. Rg4 Rh1 35. Rg2 Rh5 36. b4 axb4 37. axb4 cxb4 38. Kb3 Rhxg5 39. Rf2 c5 40. Rb2 d5 41. cxd5 Rxd5 42. Bc4 Rd4 43. Rf2 Rxc4 44. Kxc4 Re5 45. Rd2 Kg7 46. Rd8 g5 47. Rd7 g4 48.
Rc7 g3 49. Rd7 g2 50. Rd1 Rg5 51. Rg1 Kg6 52. Kd3 Kh5 53. Ke3 b3 54. Kf3 c4 55.
Kf4 Kg6 56. Kf3 b2 57. Kf2 c3 58. Kf3 c2 59. Kf2 c1=Q 60. Rxg2 Rxg2+ 61. Kf3 Qf1+ 62.
Ke4 b1=Q+ 63. Kd4 Qfd3+ 64. Kc5 Qbb5# 0-1

[Event "Early-Titled-Tuesday-Blitz-September-12-2023"]
[Site "Chess.com"]
[Date "2023.09.12"]
[Round "11"]
[White "Akylbek2021"]
[Black "Romkachess"]
[Result "0-1"]
[WhiteElo "2306"]
[BlackElo "2501"]
[TimeControl "180+1"]
[EndTime "10:05:52 PDT"]
[Termination "Romkachess won by resignation"]

1. e4 c5 2. d4 cxd4 3. c3 Nf6 4. e5 Nd5 5. Bc4 e6 6. Nf3 Nc6 7. O-O d6 8. exd6 Qxd6 9. Nxd4 Be7 10. Nxc6 bxc6 11. Nd2 O-O 12. Ne4 Qe5 13. Qf3 Bb7 14. Ng3 c5 15. Qg4 Nf6 16. Qe2 Qc7 17. Be3 Rfd8 18. Rfd1 Qc6 19. f3 Nd5 20. Bf2 Nf4 21. Qe4 Qc7 22. Qe3 h5 23. Ne4 Nd5 24. Qe2 h4 25. h3 Rab8 26. Qe1 Ba8 27. Rd2 f5 28. Bxh4 fxe4 29. fxe4 Bxh4 30. Qxh4 Qf4 31.
Qe1 Nc7 32. Rad1 Rxd2 33. Rxd2 Qxe4 34. Qxe4 Bxe4 35. Rd7 Nd5 36. Rd6 Kf7 37. Rd7+ Kf6 38. Rxa7 Rxb2 39. a4 Rxg2+ 40. Kf1 Ne3+ 41. Ke1 Nxc4 0-1

[Event "Early-Titled-Tuesday-Blitz-September-12-2023"]
[Site "Chess.com"]
[Date "2023.09.12"]
[Round "11"]
[White "Alexei_Gubajdullin"]
[Black "MathiasWomacka"]
[Result "0-1"]
[WhiteElo "2602"]
[BlackElo "2483"]
[TimeControl "180+1"]
[EndTime "10:05:54 PDT"]
[Termination "MathiasWomacka won by checkmate"]

1. d4 Nf6 2. Nf3 e6 3. Bf4 c5 4. e3 d5 5. Nbd2 Bd6 6. Bb5+ Nc6 7.
Ne5 Qc7 8. Bxc6+ bxc6 9. Ndf3 cxd4 10. exd4 Ba6 11. c4 Bxc4 12. Rc1 Qa5+ 13. Bd2 Qxa2 14. Nxc4 dxc4 15. O-O O-O 16. Qe2 c5 17. Bc3 cxd4 18.
Bxd4 Nd5 19. Rxc4 Rfc8 20. Rxc8+ Rxc8 21. g3 Qc4 22. Qd2 a6 23. Qg5 Bf8 24. Rd1 Qe2 25. Rc1 Rxc1+ 26. Qxc1 Qxf3 27. Qf1 a5 28. Qc4 h6 29. h4 Qe4 30. f3 Qxf3 31. Bf2 Ne3 32. Bxe3 Qxg3+ 33. Kh1 Qxe3 34. b4 axb4 35. h5 b3 36. Qb5 Qc3 37. Kg2 b2 38. Qb8 Qc2+ 39.
Kf3 b1=Q 40. Qa8 Qh1+ 41. Kg4 Qxa8 42. Kg3 Qa3+ 43. Kf4 Qc4+ 44. Ke5 Qd6# 0-1

[Event "Early-Titled-Tuesday-Blitz-September-12-2023"]
[Site "Chess.com"]
[Date "2023.09.12"]
[Round "11"]
[White "hellokostya"]
[Black "Gareth-Bale11"]
[Result "0-1"]
[WhiteElo "2618"]
[BlackElo "2783"]
[TimeControl "180+1"]
[EndTime "10:05:55 PDT"]
[Termination "Gareth-Bale11 won on time"]

1. d4 Nf6 2. c4 e6 3. Nf3 b6 4. g3 Ba6 5. b3 Bb4+ 6. Bd2 Be7 7. Bg2 d5 8. Nc3 c6 9. Ne5 O-O 10. O-O Nfd7 11. Nxd7 Nxd7 12. Qc2 Rc8 13. cxd5 cxd5 14. Rfe1 Ba3 15. Bc1 Bb4 16. Bb2 Qg5 17. Rac1 Rc7 18. a3 Bxc3 19. Bxc3 Rfc8 20. Qb2 Qg6 21. Bb4 Rc2 22.
Rxc2 Rxc2 23. Qb1 Bxe2 24. Rc1 Bd3 25. Bf1 Rxc1 26. Qxc1 Bc2 27. Qb2 h5 28. Qc3 Nf6 29. Qc8+ Kh7 30. Qc7 Be4 31. Qxa7 Qf5 32. Be2 Ng4 33. Be1 h4 34. Qxb6 hxg3 35. fxg3 Qg5 36. Bf2 Qc1+ 37. Bf1 Qd2 0-1

[Event "Early-Titled-Tuesday-Blitz-September-12-2023"]
[Site "Chess.com"]
[Date "2023.09.12"]
[Round "11"]
[White "santosalberto1987"]
[Black "Vision_64"]
[Result "0-1"]
[WhiteElo "2527"]
[BlackElo "2388"]
[TimeControl "180+1"]
[EndTime "10:05:55 PDT"]
[Termination "Vision_64 won on time"]

1. e4 e6 2. d4 d5 3. Nc3 Nf6 4. e5 Ng8 5. Nce2 c5 6. c3 Nc6 7.
Nf3 Nge7 8. a3 cxd4 9. cxd4 Nf5 10. Nf4 Qb6 11. Be3 Qxb2 12. Bd3 Nxe3 13. fxe3 Qc3+ 14.
Kf2 Be7 15. h4 f6 16. exf6 Bxf6 17. Ng5 Nxd4 18. Qh5+ Ke7 19. Qf7+ Kd6 20. Rhc1 Qd2+ 21. Ne2 Nc6 22. Bf5 Bxg5 23. hxg5 Bd7 24. Rd1 Qa5 25. Qxg7 Rhf8 26. Nf4 Rxf5 27. Kg1 Rxf4 28. exf4 Qc5+ 29.
Kh1 Qf2 30. Rd3 Qh4+ 0-1

[Event "Early-Titled-Tuesday-Blitz-September-12-2023"]
[Site "Chess.com"]
[Date "2023.09.12"]
[Round "11"]
[White "DvaHrasta"]
[Black "grzechu96"]
[Result "0-1"]
[WhiteElo "2481"]
[BlackElo "2650"]
[TimeControl "180+1"]
[EndTime "10:05:57 PDT"]
[Termination "grzechu96 won by resignation"]

1. c4 e5 2. g3 Nf6 3. Bg2 d5 4. cxd5 Nxd5 5. Nf3 Nc6 6. O-O Nb6 7. Nc3 Be7 8. d4 exd4 9. Nb5 O-O 10. Nbxd4 Nxd4 11. Nxd4 c6 12. a4 a5 13. Be3 Nc4 14. b3 Nxe3 15.
fxe3 Bg5 16. Qd3 Qe7 17. e4 Rd8 18. Qc3 Bf6 19. Rxf6 Qxf6 20. e3 Qe5 21. Rc1 Bg4 22. h3 Be6 23. Kh2 Rac8 24. Qc5 Qxc5 25. Rxc5 b6 26.
Rc3 c5 27. Nf5 Kf8 28. g4 Rd2 29. Kg3 Rcd8 30. Bf1 g6 31. Nh4 Rb2 32. Bc4 Bxc4 33. bxc4 Rb4 34. Nf3 Rxa4 35. e5 Rb4 36. Ng5 a4 37.
Nxh7+ Ke7 38. Nf6 Ke6 39. Nd5 Rb3 40. Rc1 Rxd5 41. cxd5+ Kxd5 42. h4 Rxe3+ 43. Kf4 Re4+ 44. Kg3 Rxe5 45. Rh1 a3 46. h5 gxh5 47. gxh5 b5 48. h6 Re8 49. h7 Rh8 50. Kf4 b4 51. Ke3 a2 52. Kd2 Rxh7 0-1

[Event "Early-Titled-Tuesday-Blitz-September-12-2023"]
[Site "Chess.com"]
[Date "2023.09.12"]
[Round "11"]
[White "HajiyevKanan"]
[Black "Aleksandar-Topalov"]
[Result "1-0"]
[WhiteElo "2513"]
[BlackElo "2342"]
[TimeControl "180+1"]
[EndTime "10:05:57 PDT"]
[Termination "HajiyevKanan won by resignation"]

1. d4 e6 2. Nf3 f5 3. c4 Nf6 4. h3 Bb4+ 5. Bd2 a5 6. Nc3 O-O 7.
e3 d6 8. Be2 Nc6 9. d5 Ne5 10.
dxe6 Bxe6 11. Nd4 Bd7 12. O-O Bxc3 13. Bxc3 Ne4 14. Qc2 Nxc3 15. Qxc3 f4 16. e4 Bc6 17. f3 Bd7 18. c5 dxc5 19. Nf5 Bxf5 20. Qxe5 Bg6 21. Rfd1 Qh4 22. Bc4+ Kh8 23. Rd7 Rf6 24.
Qxc7 Bh5 25. Rxg7 Bxf3 26. gxf3 Qxh3 27. Rd1 Rh6 28. Rg2 Qh1+ 29. Kf2 Qh4+ 30. Ke2 Rg6 31.
Qe5+ Qf6 32. Qxf6+ Rxf6 33. Rdg1 Rb6 34. Rg8+ 1-0

[Event "Early-Titled-Tuesday-Blitz-September-12-2023"]
[Site "Chess.com"]
[Date "2023.09.12"]
[Round "11"]
[White "LuisFSiles"]
[Black "CristianS27"]
[Result "0-1"]
[WhiteElo "2378"]
[BlackElo "2510"]
[TimeControl "180+1"]
[EndTime "10:06:00 PDT"]
[Termination "CristianS27 won on time"]

1. e4 e5 2. Nf3 d5 3. exd5 e4 4. Qe2 Nf6 5. Nc3 Be7 6. Nxe4 O-O 7. Nxf6+ Bxf6 8. d4 Qxd5 9. Be3 Nc6 10. Qc4 Qa5+ 11.
c3 Be6 12. Qb5 Qb6 13. Bd3 Rfe8 14. Qxb6 axb6 15. O-O Rxa2 16. Rxa2 Bxa2 17. c4 Nb4 18. Be2 Nc2 19. Rc1 Nxe3 20. fxe3 Rxe3 21. Kf2 Re8 22. Bd3 c5 23. d5 Bb3 24. Nd2 Ba4 25. b3 Bd4+ 26.
Kf1 Bd7 27. Nf3 Re3 28. Bc2 Rc3 29. Ke2 Bf5 30. Nxd4 cxd4 31. Kd2 Bxc2 32. Rxc2 Rxb3 33. c5 bxc5 34. Rxc5 Rc3 35. Rb5 g6 36. Rxb7 Kg7 37. Rb4 Ra3 38. Rxd4 Kf8 0-1

[Event "Early-Titled-Tuesday-Blitz-September-12-2023"]
[Site "Chess.com"]
[Date "2023.09.12"]
[Round "11"]
[White "Mikhail_Golubev"]
[Black "Vuk2000"]
[Result "0-1"]
[WhiteElo "2608"]
[BlackElo "2770"]
[TimeControl "180+1"]
[EndTime "10:06:03 PDT"]
[Termination "Vuk2000 won by resignation"]

1. e4 e6 2. d4 d5 3. Bd3 c5 4. exd5 exd5 5. Nf3 Nf6 6. O-O c4 7. Re1+ Be7 8. Bf1 O-O 9. b3 b5 10. a4 cxb3 11. axb5 bxc2 12. Qxc2 Nbd7 13. Rxe7 Qxe7 14. Ba3 Qd8 15. Bxf8 Nxf8 16. Ne5 Qb6 17. Qc5 Qb7 18. Nc6 Ne6 19. Qxa7 Rxa7 20. Rxa7 Qb6 21. Ra8 g6 22. Rxc8+ Kg7 23. Rb8 Qc7 24. Ra8 Qb6 25. Ra6 Qc7 26. Ra7 Qd6 27. Ne5 Nxd4 28. Nxf7 Qb6 29. Ra6 Qc5 30. Nd8 Ne4 31. Ra2 Qc1 32. b6 Qxb1 33. b7 Nc3 34. Ra1 Nde2+ 0-1

[Event "Early-Titled-Tuesday-Blitz-September-12-2023"]
[Site "Chess.com"]
[Date "2023.09.12"]
[Round "11"]
[White "RobertoJBM"]
[Black "El_Matador12"]
[Result "1/2-1/2"]
[WhiteElo "2790"]
[BlackElo "2610"]
[TimeControl "180+1"]
[EndTime "10:06:03 PDT"]
[Termination "Game drawn by 50-move rule"]

1. d4 Nf6 2. c4 e6 3. Nf3 Bb4+ 4. Bd2 a5 5. a3 Bxd2+ 6. Qxd2 O-O 7. Nc3 d5 8. e3 b6 9. Rc1 Bb7 10. cxd5 Nxd5 11.
Be2 Nd7 12. O-O N7f6 13. Rfd1 Qe7 14. Ne5 Rac8 15. Nxd5 Nxd5 16. Nc6 Qd6 17. Qc2 Bxc6 18. Qxc6 Qxc6 19. Rxc6 Ne7 20. Rc2 c6 21. Bf3 Rc7 22. Rdc1 Rfc8 23. Kf1 Kf8 24. Ke2 Ke8 25. b4 axb4 26.
axb4 Kd7 27. Ra2 Nd5 28. Bxd5 cxd5 29. Rxc7+ Rxc7 30. Kd3 Kc6 31. Rc2+ Kd6 32. Rxc7 Kxc7 33. b5 Kd6 34. f4 f5 35. h3 Ke7 36. g4 Kf6 37. Ke2 Kg6 38. Kf3 Kf6 39. Kg3 g6 40.
Kh4 Kg7 41. g5 Kf7 42. Kg3 Ke7 43. h4 Kf7 44. Kh3 Ke7 45. h5 Kf7 46. h6 Ke7 47.
Kg2 Kd6 48. Kf3 Kd7 49. Kf2 Kd6 50. Ke2 Kd7 51. Ke1 Kd6 52. Kd2 Kd7 53. Kd3 Kd6 54.
Kc3 Kd7 55. Kb4 Kd6 56. Kb3 Kd7 57. Ka4 Kd6 58. Ka3 Kd7 59. Ka2 Kd6 60. Ka1 Kd7 61. Kb2 Kd6 62. Kb1 Kd7 63. Kc2 Kd6 64. Kc1 Kd7 65. Kd2 Kd6 66. Kd1 Kd7 67. Ke2 Kd6 68.
Ke1 Kd7 69. Kf2 Kd6 70. Kf1 Kd7 71. Kg2 Kd6 72. Kg1 Kd7 73. Kh1 Kd6 74. Kh2 Kd7 75.
Kh3 Kd6 76. Kh4 Kd7 77. Kg3 Kd6 78. Kf2 Kd7 79. Kf1 Kd6 80. Ke2 Kd7 81. Kd3 Kd6 82.
Kc3 Kd7 83. Kb4 Kd6 84. Ka4 Kd7 85. Kb3 Kd6 86. Ka3 Kd7 87. Ka2 Kd6 88. Kb2 Kd7 89. Ka1 Kd6 90. Kb1 Kd7 91. Kc2 Kd6 92. Kc1 Kd7 93. Kd2 Kd6 94. Kd1 Kd7 95. Ke2 Kd6 96.
Ke1 1/2-1/2

[Event "Early-Titled-Tuesday-Blitz-September-12-2023"]
[Site "Chess.com"]
[Date "2023.09.12"]
[Round "11"]
[White "Evgeny81"]
[Black "Alexandr_Predke"]
[Result "1-0"]
[WhiteElo "2759"]
[BlackElo "2881"]
[TimeControl "180+1"]
[EndTime "10:06:04 PDT"]
[Termination "Evgeny81 won by resignation"]

1. d4 Nf6 2. c4 g6 3. Nf3 Bg7 4. Nc3 O-O 5. e4 d6 6. Be2 e5 7. O-O Nc6 8. d5 Ne7 9. Nd2 Nd7 10. b4 a5 11. bxa5 Rxa5 12. Nb3 Ra8 13. a4 b6 14. Be3 f5 15. f3 f4 16. Bf2 g5 17. a5 bxa5 18.
c5 Nf6 19. Nxa5 Ng6 20. Nc6 Rxa1 21. Qxa1 Qd7 22. cxd6 cxd6 23. Qa7 g4 24. Qxd7 Bxd7 25. Nb5 Ra8 26. Nxd6 Bf8 27. Nc4 Ra2 28. Bd3 g3 29. hxg3 fxg3 30. Bxg3 Nh5 31. Bf2 Ngf4 32. N4xe5 Bh3 33.
Bc4 Rc2 34. d6+ Kg7 35. d7 Bxd7 36. Nd4 Rc3 37. Nxd7 Rxc4 38. Nf5+ Kf7 39. Ne5+ 1-0

[Event "Early-Titled-Tuesday-Blitz-September-12-2023"]
[Site "Chess.com"]
[Date "2023.09.12"]
[Round "11"]
[White "Alphafischer2019"]
[Black "jk13"]
[Result "1-0"]
[WhiteElo "2561"]
[BlackElo "2674"]
[TimeControl "180+1"]
[EndTime "10:06:04 PDT"]
[Termination "Alphafischer2019 won on time"]

1. Nf3 d5 2. b3 Bg4 3. Ne5 Bf5 4.
Bb2 Nd7 5. Nxd7 Qxd7 6. g3 Nf6 7. d3 h6 8. Bg2 Bh3 9. O-O Bxg2 10. Kxg2 e6 11.
Nd2 Be7 12. e4 dxe4 13. Nxe4 Qc6 14. f3 O-O-O 15. Qe2 h5 16. a4 h4 17. Rfb1 hxg3 18.
hxg3 Nxe4 19. dxe4 Rh5 20. Rd1 Rdh8 21. Rh1 Rxh1 22.
Rxh1 Rxh1 23. Kxh1 g6 24. Kg2 Bc5 25. Qd2 a6 26.
Be5 Bd6 27. Bf6 b5 28. axb5 axb5 29. Qd3 Qc5 30. Bd4 Qg5 31. Bf2 b4 32. Qa6+ Kd8 33.
Qd3 Ke8 34. Be1 Kf8 35. Bf2 Kg8 36. Qd4 Kh7 37. Qc4 Kg8 38. f4 Bxf4 39. Qxb4 Bd6 40. Qc4 Qe5 41. b4 1-0

[Event "Early-Titled-Tuesday-Blitz-September-12-2023"]
[Site "Chess.com"]
[Date "2023.09.12"]
[Round "11"]
[White "secretsuperstar7"]
[Black "TERMINATOR_PC"]
[Result "1-0"]
[WhiteElo "2458"]
[BlackElo "2548"]
[TimeControl "180+1"]
[EndTime "10:06:04 PDT"]
[Termination "secretsuperstar7 won on time"]

1. c4 e6 2. Nc3 d5 3. e3 Nf6 4.
Nf3 b6 5. b3 Bb7 6. Bb2 Nbd7 7.
Be2 a6 8. O-O Bd6 9. d4 O-O 10.
Bd3 Re8 11. Rc1 Qe7 12. Re1 Ne4 13. Ne2 Bb4 14. Rf1 Rac8 15. Ng3 Nxg3 16. hxg3 Nf6 17. Ne5 Ne4 18. Qh5 Bd6 19. f3 g6 20. Qh3 Bxe5 21.
fxe4 Bg7 22. cxd5 exd5 23. e5 c5 24. Ba3 f6 25. Be2 fxe5 26. Bg4 Rc7 27. Kh2 Bc8 28. Rc2 Bxg4 29. Qxg4 Qe6 30. Qd1 exd4 31. exd4 c4 32. bxc4 Rxc4 33. Rcf2 Rxd4 34. Qf3 Re4 35. Qf7+ Qxf7 36.
Rxf7 d4 37. Rd7 R4e6 38. Rff7 Be5 39. Rxh7 b5 40. Rh6 a5 41. Bc1 b4 42. Rhh7 a4 43. Bf4 1-0

[Event "Early-Titled-Tuesday-Blitz-September-12-2023"]
[Site "Chess.com"]
[Date "2023.09.12"]
[Round "11"]
[White "Roman_Ovetchkin"]
[Black "DanyKopy"]
[Result "1-0"]
[WhiteElo "2669"]
[BlackElo "2535"]
[TimeControl "180+1"]
[EndTime "10:06:07 PDT"]
[Termination "Roman_Ovetchkin won on time"]

1. d4 Nf6 2. c4 g6 3. Nc3 d5 4.
cxd5 Nxd5 5. e4 Nxc3 6. bxc3 Bg7 7. Be3 c5 8. Qd2 Qa5 9. Nf3 Nc6 10. Rc1 cxd4 11. cxd4 Qxd2+ 12. Kxd2 O-O 13. d5 Rd8 14. Bd3 Nb4 15. Bb1 e6 16. Ke2 exd5 17. a3 dxe4 18.
Bxe4 Nd5 19. Rhd1 Be6 20. Bd4 Bf8 21. a4 Rac8 22. Ng5 Rxc1 23. Rxc1 Bh6 24. Nxe6 fxe6 25. Rc4 a6 26. a5 Bg7 27. Bb6 Rd7 28. g3 Kf7 29.
Kf3 g5 30. Rc8 h6 31. h4 gxh4 32. gxh4 Ke7 33. Bc5+ Kf7 34. h5 Be5 35. Bg6+ Kg7 36. Re8 Bd6 37. Bd4+ e5 38. Bxe5+ Bxe5 39. Rxe5 Nf6 40.
Rc5 Rd5 41. Rxd5 Nxd5 42. Be4 Nb4 43. Bxb7 Kf6 44. Ke4 Ke6 45. Kd4 Kd6 46. Be4 Na2 47. f4 1-0

[Event "Early-Titled-Tuesday-Blitz-September-12-2023"]
[Site "Chess.com"]
[Date "2023.09.12"]
[Round "11"]
[White "Beca95"]
[Black "temus_galaktionov"]
[Result "1-0"]
[WhiteElo "2966"]
[BlackElo "2820"]
[TimeControl "180+1"]
[EndTime "10:06:08 PDT"]
[Termination "Beca95 won on time"]

1. e4 c6 2. Nf3 g6 3. Nc3 Bg7 4. d4 d6 5. h3 Nd7 6. Bc4 e5 7. dxe5 dxe5 8. Ng5 Nh6 9. Be3 Qe7 10. Qe2 f6 11.
Ne6 Nb6 12. Bc5 Qf7 13. Nxg7+ Qxg7 14. Bb3 Nf7 15. Ba3 Ng5 16. O-O-O Be6 17. h4 Bxb3 18.
hxg5 Bc4 19. Qg4 h5 20. gxh6 Rxh6 21. b3 Rxh1 22. Rxh1 Bg8 23. Ne2 Rd8 24. Ng3 Rd7 25.
f4 exf4 26. Qxf4 Be6 27. Bb2 Rf7 28. Qd6 Re7 29. Kb1 Nd7 30. Ba3 c5 31. Bxc5 Nxc5 32.
Qxc5 b6 33. Qd6 f5 34. exf5 Bxf5 35. Nxf5 gxf5 36. Rh8+ Kf7 37. Qd5+ Kf6 38. Rg8 Qf7 39. Qd4+ Re5 40. Rd8 1-0

[Event "Early-Titled-Tuesday-Blitz-September-12-2023"]
[Site "Chess.com"]
[Date "2023.09.12"]
[Round "11"]
[White "Quattroporte300"]
[Black "Raskolnikov6"]
[Result "1-0"]
[WhiteElo "2385"]
[BlackElo "2268"]
[TimeControl "180+1"]
[EndTime "10:06:09 PDT"]
[Termination "Quattroporte300 won by resignation"]

1. e4 c5 2. Nc3 g6 3. f4 Bg7 4. Nf3 d6 5. Bb5+ Bd7 6. Bxd7+ Qxd7 7.
O-O e6 8. d4 cxd4 9. Nxd4 a6 10.
Be3 Ne7 11. Qd2 Nbc6 12. Rad1 Rd8 13. Qf2 O-O 14. Nb3 d5 15. e5 Nf5 16. Bb6 Rc8 17.
g4 Nh6 18. h3 f6 19. Nc5 Qe7 20. exf6 Bxf6 21. Kg2 g5 22. f5 exf5 23. Nxd5 Qg7 24. Ne6 Qg6 25. Nxf8 Rxf8 26. Bc5 Rf7 27. gxf5 Qh5 28.
Rfe1 Be5 29. f6 g4 30. Ne7+ Rxe7 31. fxe7 Qxh3+ 32. Kg1 Nxe7 33. Bxe7 Nf7 34. Rd8+ Kg7 35. Bf8+ Kg6 36. Rd7 g3 37. Qxf7+ Kg5 38. Be7+ Kg4 39.
Qe6+ Kf3 40. Qxh3 Bd4+ 41. Rxd4 1-0

[Event "Early-Titled-Tuesday-Blitz-September-12-2023"]
[Site "Chess.com"]
[Date "2023.09.12"]
[Round "11"]
[White "cthulhuuu"]
[Black "Let_it_be_1"]
[Result "0-1"]
[WhiteElo "2476"]
[BlackElo "2661"]
[TimeControl "180+1"]
[EndTime "10:06:10 PDT"]
[Termination "Let_it_be_1 won by resignation"]

1. e4 e6 2. d3 d5 3. Nd2 Nf6 4. Ngf3 Nc6 5. c3 e5 6. exd5 Nxd5 7. Nc4 Bd6 8. a4 a5 9. g3 O-O 10. Bg2 Re8 11. O-O Bc5 12. Nfxe5 Nxe5 13. Nxe5 Bxf2+ 14. Rxf2 Rxe5 15. d4 Re8 16. Bd2 c6 17. Qh5 Be6 18. Raf1 f6 19. Be4 f5 20. Bxf5 Nf6 21. Bxe6+ Rxe6 22. Qf5 Qe8 23. Bf4 Ne4 24. Re2 g6 25. Qg4 h5 26. Qf3 Ng5 27. Bxg5 Rxe2 28. Bf6 Qe4 29. Be5 Qxf3 30. Rxf3 Rf8 31. Rxf8+ Kxf8 32. Bd6+ Kf7 33.
Ba3 Rc2 34. h3 Ke6 35. Kf1 Kd5 36. g4 hxg4 37. hxg4 Ke4 38. Ke1 Kf3 39. Kd1 Rg2 40. Bc5 Kxg4 41. Bb6 Rxb2 42. Bxa5 Ra2 43. d5 cxd5 44.
Bb6 Rxa4 45. Kd2 Kf3 46. Kd3 Rc4 47. Bd4 g5 0-1

[Event "Early-Titled-Tuesday-Blitz-September-12-2023"]
[Site "Chess.com"]
[Date "2023.09.12"]
[Round "11"]
[White "surrenderPLS"]
[Black "Goryachkina"]
[Result "1/2-1/2"]
[WhiteElo "2498"]
[BlackElo "2643"]
[TimeControl "180+1"]
[EndTime "10:06:11 PDT"]
[Termination "Game drawn by repetition"]

1. e4 c6 2. d4 d5 3. e5 Bf5 4. h4 Qc7 5. h5 h6 6. g4 Bd7 7. Nc3 e6 8. f4 c5 9. Nf3 cxd4 10. Nxd4 Nc6 11. Be3 a6 12. Qd2 Bb4 13. a3 Ba5 14. Rg1 Nge7 15. b4 Bb6 16. Bh3 Nxd4 17. Bxd4 Nc6 18.
Bxb6 Qxb6 19. Rg3 O-O-O 20. Na4 Qd4 21. c3 Qe4+ 22. Qe3 Qxe3+ 23. Rxe3 Kb8 24. Nb6 Kc7 25. Nxd7 Rxd7 26. O-O-O Rhd8 27. Red3 b5 28. Kb2 d4 29. Bg2 dxc3+ 30. Kxc3 Rxd3+ 31. Rxd3 Rxd3+ 32. Kxd3 Ne7 33. Be4 Kb6 34. Kd4 Ng8 35. g5 Ne7 36. gxh6 gxh6 37. Bh7 Kc6 38. Be4+ Kb6 39. Bh7 Kc6 40. Be4+ Kb6 1/2-1/2

[Event "Early-Titled-Tuesday-Blitz-September-12-2023"]
[Site "Chess.com"]
[Date "2023.09.12"]
[Round "11"]
[White "crazy_m_attack"]
[Black "aghasiyevkamal"]
[Result "0-1"]
[WhiteElo "2404"]
[BlackElo "2558"]
[TimeControl "180+1"]
[EndTime "10:06:11 PDT"]
[Termination "aghasiyevkamal won on time"]

1. e4 e5 2. Nf3 Nc6 3. Bb5 a6 4. Ba4 Nf6 5. d3 b5 6. Bb3 Bc5 7. Nc3 d6 8. Nd5 h6 9. c3 Rb8 10. d4 Ba7 11. Nxf6+ Qxf6 12. Be3 O-O 13. h3 exd4 14.
cxd4 Re8 15. Bc2 Nb4 16. Bb1 c5 17. e5 dxe5 18. dxe5 Qe7 19. O-O Bb7 20. a3 Rbd8 21. Qe2 Bxf3 22. Qxf3 Nd3 23. Bc2 c4 24. Bxa7 Qxa7 25.
Rad1 Rxe5 26. Bxd3 cxd3 27. Rxd3 Rxd3 28. Qxd3 Qe7 29.
Qc3 Re2 30. Rd1 Qe4 31. Qc8+ Kh7 32. Qg4 Qxg4 33. hxg4 Rxb2 34. Rd6 a5 0-1

[Event "Early-Titled-Tuesday-Blitz-September-12-2023"]
[Site "Chess.com"]
[Date "2023.09.12"]
[Round "11"]
[White "Jackalhead_Anubis"]
[Black "chess123456s"]
[Result "0-1"]
[WhiteElo "2418"]
[BlackElo "2625"]
[TimeControl "180+1"]
[EndTime "10:06:12 PDT"]
[Termination "chess123456s won on time"]

1. e4 e5 2. Nf3 Nc6 3. Bb5 a6 4. Ba4 Nf6 5. O-O Be7 6. d3 b5 7. Bb3 O-O 8. a4 b4 9. h3 Bc5 10. a5 d6 11. c3 Rb8 12. d4 Ba7 13. d5 Ne7 14. Re1 Ng6 15. c4 Nh5 16. Be3 Bxe3 17.
fxe3 f5 18. Nbd2 f4 19. exf4 Nhxf4 20. Re3 Qf6 21. Qe1 h6 22. Rc1 Bd7 23. c5 Bb5 24. cxd6 cxd6 25. Bc4 Bxc4 26. Rxc4 Rfc8 27. Qc1 Rxc4 28.
Qxc4 Nh4 29. Nxh4 Qxh4 30. Qf1 Rf8 31. Rf3 Rc8 32. Qf2 Rc1+ 33. Kh2 Qxf2 34. Rxf2 Rc2 35. b3 Nd3 36. Re2 Nc1 37. Re1 Nd3 38. Re2 Nc5 0-1

[Event "Early-Titled-Tuesday-Blitz-September-12-2023"]
[Site "Chess.com"]
[Date "2023.09.12"]
[Round "11"]
[White "YEIKO2017"]
[Black "GaiozNigalidze"]
[Result "1-0"]
[WhiteElo "2546"]
[BlackElo "2695"]
[TimeControl "180+1"]
[EndTime "10:06:13 PDT"]
[Termination "YEIKO2017 won on time"]

1. e4 c5 2. Nf3 d6 3. d4 cxd4 4.
Nxd4 Nf6 5. Nc3 a6 6. Bg5 e6 7. f4 h6 8. Bh4 Qb6 9. Qd2 Qxb2 10. Nb3 Qa3 11. Bxf6 gxf6 12. Be2 h5 13. O-O Qb4 14. Kh1 Nd7 15. Rad1 Qb6 16. Rf3 h4 17.
Rd3 Nc5 18. Nxc5 Qxc5 19. e5 f5 20. exd6 Bd7 21. Bf3 Rb8 22. Qe2 Kd8 23. h3 Bg7 24. Nd5 Bb5 25. c4 Bxc4 26. Qc2 exd5 27. Rxd5 Qb4 28.
Rb1 Qa3 29. Qxc4 Rc8 30. Qd3 Rc1+ 31. Rxc1 Qxc1+ 32. Bd1 Qxf4 33. Rxf5 Qg3 34. Qxg3 hxg3 35. Rxf7 Re8 36. Re7 Rf8 37. Bf3 Rf4 38. Rxg7 1-0